BSA
CHICAGO MACHINE @ MADISON BOMBERS
10/01/2025
 
TOP OF THE 1ST
Chicago Machine batting - Pitching for Madison Bombers : RHP Roberto Reyes
Pitching: RHP Roberto Reyes
Batting: RHB Roberto Cardona 0-0: Called Strike
0-1: Swinging Strike
0-2: Ground out 6-3 (Groundball, 6)
Batting: RHB Derek Ramsey 0-0: Ball
1-0: Ground out 5-3 (Groundball, 56)
Batting: RHB Doug Stephens 0-0: Called Strike
0-1: Swinging Strike
0-2: Ball
1-2: Ball
2-2: Strikes out swinging
Top of the 1st over - 0 run(s), 0 hit(s), 0 error(s), 0 left on base; Chicago 0 - Madison 0
BOTTOM OF THE 1ST
Madison Bombers batting - Pitching for Chicago Machine : LHP William Watson
Pitching: LHP William Watson
Batting: LHB Robin Hill 0-0: Ball
1-0: Foul Ball, location: 2F
1-1: Ball
2-1: Called Strike
2-2: Ground out 6-3 (Groundball, 6)
Batting: RHB Vicente Aguirre 0-0: Called Strike
0-1: Ball
1-1: Ball
2-1: Ground out U3 (Groundball, 3)
Batting: RHB Sergio Márquez 0-0: Called Strike
0-1: Ball
1-1: Ball
2-1: Foul Ball, location: 2F
Single, Error in OF, E7, batter to second base
Batting: LHB Sixto Cantú 0-0: Foul Ball, location: 2F
0-1: Swinging Strike
0-2: Strikes out swinging
Bottom of the 1st over - 0 run(s), 1 hit(s), 1 error(s), 1 left on base; Chicago 0 - Madison 0
TOP OF THE 2ND
Chicago Machine batting - Pitching for Madison Bombers : RHP Roberto Reyes
Batting: RHB Edward Young 0-0: Ball
1-0: Called Strike
1-1: Foul Ball, location: 2F
1-2: Foul Ball, location: 2F
1-2: Fly out, F9 (Flyball, 9M)
Batting: LHB Bob Smith 0-0: SOLO HOME RUN (Flyball, 89XD), Distance : 398 ft
Batting: RHB Lorenzo Guzmán 0-0: Ball
1-0: Ground out 6-3 (Groundball, 6M)
Batting: SHB Joaquín López 0-0: Ball
1-0: Ball
2-0: DOUBLE (Flyball, 8RXD)
Batting: RHB Alberto Ramos 0-0: Fly out, F9 (Flyball, 89D)
Top of the 2nd over - 1 run(s), 2 hit(s), 0 error(s), 1 left on base; Chicago 1 - Madison 0
BOTTOM OF THE 2ND
Madison Bombers batting - Pitching for Chicago Machine : LHP William Watson
Batting: SHB Michael McDonald 0-0: Foul Ball, location: 2F
0-1: Ground out 5-3 (Groundball, 56S)
Batting: LHB José Santos 0-0: Ball
1-0: Called Strike
1-1: Ball
2-1: Foul Ball, location: 2F
2-2: Ball
3-2: Ground out 4-3 (Groundball, 4)
Batting: SHB Jorge Flores 0-0: Ground out 4-3 (Groundball, 4M)
Bottom of the 2nd over - 0 run(s), 0 hit(s), 0 error(s), 0 left on base; Chicago 1 - Madison 0
TOP OF THE 3RD
Chicago Machine batting - Pitching for Madison Bombers : RHP Roberto Reyes
Batting: LHB Marcos Vargas 0-0: Ball
1-0: Ground out 4-3 (Groundball, 4S)
Batting: RHB Roberto Cardona 0-0: Called Strike
0-1: Ground out 6-3 (Groundball, 6M)
Batting: RHB Derek Ramsey 0-0: Called Strike
0-1: Fly out, F7 (Line Drive, 7M)
Top of the 3rd over - 0 run(s), 0 hit(s), 0 error(s), 0 left on base; Chicago 1 - Madison 0
BOTTOM OF THE 3RD
Madison Bombers batting - Pitching for Chicago Machine : LHP William Watson
Batting: SHB Bob Warren 0-0: Ball
1-0: Called Strike
1-1: Ball
2-1: Swinging Strike
2-2: Ground out 1-3 (Groundball, 15S)
Batting: RHB Quinton Martínez 0-0: Ball
1-0: Called Strike
1-1: Ball
2-1: Ball
3-1: Called Strike
3-2: Ground out 6-3 (Groundball, 6)
Batting: LHB Robin Hill 0-0: Ball
1-0: Swinging Strike
1-1: Swinging Strike
1-2: Ball
2-2: Strikes out swinging
Bottom of the 3rd over - 0 run(s), 0 hit(s), 0 error(s), 0 left on base; Chicago 1 - Madison 0
TOP OF THE 4TH
Chicago Machine batting - Pitching for Madison Bombers : RHP Roberto Reyes
Batting: RHB Doug Stephens 0-0: Called Strike
0-1: Foul Ball, location: 2F
0-2: Foul Ball, location: 2F
0-2: Foul Ball, location: 2F
0-2: Strikes out swinging
Batting: RHB Edward Young 0-0: Ball
1-0: SOLO HOME RUN (Flyball, 9D), Distance : 386 ft
Batting: LHB Bob Smith 0-0: Called Strike
0-1: Fly out, F8 (Flyball, 8RXD)
Batting: RHB Lorenzo Guzmán 0-0: Swinging Strike
0-1: Foul Ball, location: 2F
0-2: Foul Ball, location: 2F
0-2: Strikes out looking
Top of the 4th over - 1 run(s), 1 hit(s), 0 error(s), 0 left on base; Chicago 2 - Madison 0
BOTTOM OF THE 4TH
Madison Bombers batting - Pitching for Chicago Machine : LHP William Watson
Batting: RHB Vicente Aguirre 0-0: Called Strike
0-1: Ball
1-1: Ball
2-1: Called Strike
2-2: Foul Ball, location: 2F
2-2: Strikes out looking
Batting: RHB Sergio Márquez 0-0: Called Strike
0-1: Ball
1-1: Foul Ball, location: 2F
1-2: Foul Ball, location: 2F
1-2: Ball
2-2: Foul Ball, location: 2F
2-2: Strikes out swinging
Batting: LHB Sixto Cantú 0-0: Called Strike
0-1: Ball
1-1: Called Strike
1-2: Foul Ball, location: 2F
1-2: Ball
2-2: Strikes out swinging
Bottom of the 4th over - 0 run(s), 0 hit(s), 0 error(s), 0 left on base; Chicago 2 - Madison 0
TOP OF THE 5TH
Chicago Machine batting - Pitching for Madison Bombers : RHP Roberto Reyes
Batting: SHB Joaquín López 0-0: Ball
1-0: Ball
2-0: Fly out, F8 (Flyball, 8LM)
Batting: RHB Alberto Ramos 0-0: Called Strike
0-1: Ball
1-1: Foul Ball, location: 2F
1-2: Foul Ball, location: 2F
1-2: SINGLE (Groundball, 56D) (infield hit)
Batting: LHB Marcos Vargas 0-0: Ball
1-0: SINGLE (Groundball, 4MD)
Alberto Ramos to second
Batting: RHB Roberto Cardona 0-0: Ball
1-0: Foul Ball, location: 2F
1-1: Ball
2-1: Grounds into double play, U4-3 (Groundball, 4)
Top of the 5th over - 0 run(s), 2 hit(s), 0 error(s), 1 left on base; Chicago 2 - Madison 0
BOTTOM OF THE 5TH
Madison Bombers batting - Pitching for Chicago Machine : LHP William Watson
Batting: SHB Michael McDonald 0-0: Swinging Strike
0-1: Ball
1-1: Ball
2-1: SINGLE (Groundball, 34)
Batting: LHB José Santos 0-0: Foul Ball, location: 2F
0-1: Ball
1-1: Ball
2-1: Swinging Strike
2-2: Ball
3-2: SINGLE (Line Drive, 56)
Michael McDonald to second
Batting: SHB Jorge Flores 0-0: Grounds into double play, 5-4-3 (Groundball, 56)
Michael McDonald to third
Batting: SHB Bob Warren 0-0: Foul Ball, location: 2F
0-1: Ball
1-1: SINGLE (Line Drive, 56D)
Michael McDonald scores
Batting: RHB Quinton Martínez 0-0: Ball
1-0: SINGLE (Groundball, 5L)
Bob Warren to second
Batting: LHB Robin Hill 0-0: Ball
1-0: Ball
2-0: Ball
3-0: Called Strike
3-1: Fly out, F6 (Popup, 6D)
Bottom of the 5th over - 1 run(s), 4 hit(s), 0 error(s), 2 left on base; Chicago 2 - Madison 1
TOP OF THE 6TH
Chicago Machine batting - Pitching for Madison Bombers : RHP Roberto Reyes
Batting: RHB Derek Ramsey 0-0: Foul Ball, location: 2F
0-1: Foul Ball, location: 2F
0-2: Ball
1-2: Ball
2-2: SINGLE (Flyball, 8LS)
Batting: RHB Doug Stephens 0-0: Swinging Strike
0-1: Swinging Strike
0-2: Strikes out swinging
Batting: RHB Edward Young 0-0: Ball
1-0: Swinging Strike
1-1: Ball
2-1: Ball
3-1: Base on Balls
Derek Ramsey to second
Batting: LHB Bob Smith 0-0: Ball
1-0: Ball
2-0: Foul Ball, location: 2F
2-1: Foul Ball, location: 2F
2-2: DOUBLE (Line Drive, 9LS)
Derek Ramsey scores
Edward Young to third
Batting: RHB Lorenzo Guzmán 0-0: Swinging Strike
0-1: Called Strike
0-2: Strikes out swinging
Batting: SHB Joaquín López 0-0: Foul Ball, location: 2F
0-1: Ball
1-1: Swinging Strike
1-2: Ball
2-2: Ball
3-2: Foul Ball, location: 2F
3-2: Foul Ball, location: 2F
3-2: Strikes out swinging
Top of the 6th over - 1 run(s), 2 hit(s), 0 error(s), 2 left on base; Chicago 3 - Madison 1
BOTTOM OF THE 6TH
Madison Bombers batting - Pitching for Chicago Machine : LHP William Watson
Batting: RHB Vicente Aguirre 0-0: Ball
1-0: Fly out, F4 (Popup, 4)
Batting: RHB Sergio Márquez 0-0: Ball
1-0: Ball
2-0: Ball
3-0: Base on Balls
Batting: LHB Sixto Cantú 0-0: Called Strike
0-1: Ball
1-1: Ball
2-1: Foul Ball, location: 2F
2-2: Grounds into double play, 5-4-3 (Groundball, 5)
Bottom of the 6th over - 0 run(s), 0 hit(s), 0 error(s), 0 left on base; Chicago 3 - Madison 1
TOP OF THE 7TH
Chicago Machine batting - Pitching for Madison Bombers : RHP Roberto Reyes
Batting: RHB Alberto Ramos 0-0: Called Strike
0-1: Called Strike
0-2: Ball
1-2: Foul Ball, location: 2F
1-2: Strikes out swinging
Batting: LHB Marcos Vargas 0-0: Ball
1-0: Called Strike
1-1: Ball
2-1: Foul Ball, location: 2F
2-2: Foul Ball, location: 2F
2-2: Foul Ball, location: 2F
2-2: Strikes out swinging
Batting: RHB Roberto Cardona 0-0: Called Strike
0-1: Ground out 6-3 (Groundball, 6)
Top of the 7th over - 0 run(s), 0 hit(s), 0 error(s), 0 left on base; Chicago 3 - Madison 1
BOTTOM OF THE 7TH
Madison Bombers batting - Pitching for Chicago Machine : LHP William Watson
Batting: SHB Michael McDonald 0-0: Ball
1-0: Ball
2-0: DOUBLE (Line Drive, 89XD) - OUT at third base trying to stretch hit.
Batting: LHB José Santos 0-0: Called Strike
0-1: Ball
1-1: Foul Ball, location: 2F
1-2: Ball
2-2: Strikes out looking
Batting: SHB Jorge Flores 0-0: Foul Ball, location: 2F
0-1: Called Strike
0-2: Ball
1-2: Ball
2-2: Ground out 1-3 (Groundball, 15)
Bottom of the 7th over - 0 run(s), 1 hit(s), 0 error(s), 0 left on base; Chicago 3 - Madison 1
TOP OF THE 8TH
Chicago Machine batting - Pitching for Madison Bombers : RHP Roberto Reyes
Pitching: RHP Alonso Gallardo
Batting: RHB Derek Ramsey 0-0: Ball
1-0: Fly out, F7 (Flyball, 78S)
Batting: RHB Doug Stephens 0-0: Ball
1-0: Ball
2-0: Foul Ball, location: 2F
2-1: Ball
3-1: Fly out, F3 (Popup, 3F)
Batting: RHB Edward Young 0-0: Ball
1-0: Foul Ball, location: 2F
1-1: Called Strike
1-2: Ball
2-2: Strikes out swinging
Top of the 8th over - 0 run(s), 0 hit(s), 0 error(s), 0 left on base; Chicago 3 - Madison 1
BOTTOM OF THE 8TH
Madison Bombers batting - Pitching for Chicago Machine : LHP William Watson
Pitching: RHP Clint Tancock
Batting: SHB Bob Warren 0-0: Ball
1-0: Called Strike
1-1: Ball
2-1: DOUBLE (Flyball, 8RS)
Batting: RHB Quinton Martínez 0-0: Called Strike
0-1: Ground out 1-3 (Groundball, 23)
Bob Warren to third
Pitching: LHP Austin Wall
Batting: LHB Robin Hill 0-0: Ball
1-0: Ball
2-0: Foul Ball, location: 2F
2-1: Foul Ball, location: 2F
2-2: SINGLE (Flyball, 7S)
Bob Warren scores
Pitching: RHP Jorge Hernández
Batting: RHB Vicente Aguirre 0-0: Foul Ball, location: 2F
0-1: Ball
1-1: DOUBLE (Flyball, 8LXD)
Robin Hill to third
Runner from 3rd tries for Home, SAFE, no throw or cutoff
Batting: RHB Sergio Márquez 0-0: Swinging Strike
0-1: Ball
1-1: Swinging Strike
1-2: Ball
2-2: Strikes out swinging
Batting: LHB Sixto Cantú 0-0: Called Strike
0-1: SINGLE (Groundball, 34)
Vicente Aguirre to third
Runner from 3rd tries for Home, throw and OUT!
Bottom of the 8th over - 2 run(s), 4 hit(s), 0 error(s), 1 left on base; Chicago 3 - Madison 3
TOP OF THE 9TH
Chicago Machine batting - Pitching for Madison Bombers : RHP Alonso Gallardo
Pitching: RHP Luis Cortéz
Batting: LHB Bob Smith 0-0: Ball
1-0: Ball
2-0: SOLO HOME RUN (Flyball, 89XD), Distance : 401 ft
Batting: RHB Lorenzo Guzmán 0-0: Ball
1-0: Fly out, F9 (Flyball, 9M)
Batting: SHB Joaquín López 0-0: Called Strike
0-1: Ball
1-1: Ground out 6-3 (Groundball, 6M)
Batting: RHB Alberto Ramos 0-0: Called Strike
0-1: Ball
1-1: Swinging Strike
1-2: Ball
2-2: Strikes out swinging
Top of the 9th over - 1 run(s), 1 hit(s), 0 error(s), 0 left on base; Chicago 4 - Madison 3
BOTTOM OF THE 9TH
Madison Bombers batting - Pitching for Chicago Machine : RHP Jorge Hernández
Pitching: LHP John Lane
Now at SS: Dave Mullen
Batting: SHB Michael McDonald 0-0: Ball
1-0: Ball
2-0: Ball
3-0: SINGLE (Groundball, 6MD)
Pinch Runner at 1st Greg King:
Pinch Hitting: RHB Pablo Gonzáles 0-0: Sac Bunt - play at first, batter OUT! 1-4
Greg King to second
Batting: SHB Jorge Flores 0-0: Ball
1-0: Ball
2-0: Ball
3-0: Called Strike
3-1: SINGLE (Groundball, 5D)
Greg King to third
Runner from 3rd tries for Home, SAFE, no throw or cutoff
Batting: SHB Bob Warren 0-0: Foul Ball, location: 2F
0-1: Called Strike
0-2: Strikes out swinging
Batting: RHB Quinton Martínez 0-0: Foul Ball, location: 2F
0-1: Ball
1-1: Ball
2-1: Foul Ball, location: 2F
2-2: Foul Ball, location: 2F
2-2: Foul Ball, location: 2F
Pickoff Throw to First - Out!
Bottom of the 9th over - 1 run(s), 2 hit(s), 0 error(s), 0 left on base; Chicago 4 - Madison 4
TOP OF THE 10TH
Chicago Machine batting - Pitching for Madison Bombers : RHP Luis Cortéz
Now in RF: Pablo Gonzáles
Pinch Hitting: SHB Lee Townsend 0-0: Called Strike
0-1: Ball
1-1: Foul Ball, location: 2F
1-2: Ball
2-2: Strikes out swinging
Batting: RHB Roberto Cardona 0-0: Called Strike
0-1: Swinging Strike
0-2: Ball
1-2: Strikes out looking
Batting: RHB Derek Ramsey 0-0: Ball
1-0: Called Strike
1-1: Swinging Strike
1-2: Strikes out swinging
Top of the 10th over - 0 run(s), 0 hit(s), 0 error(s), 0 left on base; Chicago 4 - Madison 4
BOTTOM OF THE 10TH
Madison Bombers batting - Pitching for Chicago Machine : LHP John Lane
Now at SS: Dave MacThomas
Batting: RHB Quinton Martínez 0-0: Ball
1-0: Called Strike
1-1: Fly out, F7 (Flyball, 78M)
Batting: LHB Robin Hill 0-0: Ball
1-0: Swinging Strike
1-1: Fly out, F9 (Line Drive, 9LD)
Batting: RHB Vicente Aguirre 0-0: Swinging Strike
0-1: Ball
1-1: Foul Ball, location: 2F
1-2: Ball
2-2: Strikes out swinging
Bottom of the 10th over - 0 run(s), 0 hit(s), 0 error(s), 0 left on base; Chicago 4 - Madison 4
TOP OF THE 11TH
Chicago Machine batting - Pitching for Madison Bombers : RHP Luis Cortéz
Pitching: RHP Gerald Duncan
Batting: RHB Doug Stephens 0-0: Ball
1-0: Ball
2-0: Ball
3-0: Called Strike
3-1: Foul Ball, location: 2F
3-2: Base on Balls
Batting: RHB Edward Young 0-0: Called Strike
0-1: Ball
1-1: Grounds into double play, 6-4-3 (Groundball, 6)
Batting: LHB Bob Smith 0-0: Ball
1-0: Ball
2-0: Called Strike
2-1: Swinging Strike
2-2: Foul Ball, location: 2F
2-2: Ball
3-2: Base on Balls
Batting: RHB Lorenzo Guzmán 0-0: Ground out 1-3 (Groundball, 23)
Top of the 11th over - 0 run(s), 0 hit(s), 0 error(s), 1 left on base; Chicago 4 - Madison 4
BOTTOM OF THE 11TH
Madison Bombers batting - Pitching for Chicago Machine : LHP John Lane
Pitching: RHP Howard Joyce
Batting: RHB Sergio Márquez 0-0: Ball
1-0: Called Strike
1-1: SINGLE (Flyball, 7S)
Batting: LHB Sixto Cantú 0-0: Fly out, F8 (Flyball, 8LD)
Batting: RHB Greg King 0-0: Called Strike
0-1: Ball
1-1: Foul Ball, location: 2F
1-2: Ball
2-2: 2-RUN HOME RUN (Flyball, 9D), Distance : 381 ft
This league is powered by Out of the Park Baseball, the baseball management simulation game for PC, Mac and Linux
Tuesday, August 2nd, 2016 - OOTP Baseball 16.8 Build 38